 Dungeon Crawl Stone Soup version 0.28-a0-1199-gef9e1dbd39 (webtiles) character file.

Game seed: 18300096620697437164

6 bearlyready the Sneak (level 1, -9/20 HPs)
             Began as a Minotaur Delver on Dec 20, 2021.
             Mangled by an iguana (11 damage)
             ... on level 3 of the Dungeon.
             The game lasted 00:00:51 (365 turns).

bearlyready the Sneak (Minotaur Delver)              Turns: 365, Time: 00:00:51

Health: -9/20      AC:  3    Str: 16    XL:     1   Next: 75%
Magic:  0/0        EV: 12    Int:  7    God:
Gold:   7          SH:  0    Dex: 11    Spells: 0/0 levels left

rFire   . . .      SeeInvis .   a - +0 falchion
rCold   . . .      Faith    .   (no shield)
rNeg    . . .      Spirit   .   b - +0 leather armour
rPois   .          Reflect  .   (helmet restricted)
rElec   .          Harm     .   (no cloak)
rCorr   .          Rampage  .   (no gloves)
Will    .....                   (no boots)
Stlth   ++........              (no amulet)
HPRegen 0.06/turn               (no ring)
MPRegen 0.07/turn               (no ring)

@: no status effects
A: horns 2, retaliatory headbutt
a: no special abilities


You were on level 3 of the Dungeon.
You visited 1 branch of the dungeon, and saw 3 of its levels.

You collected 7 gold pieces.

Inventory:

Hand Weapons
 a - a +0 falchion (weapon)
Armour
 b - a +0 leather armour (worn)
Wands
 g - a wand of digging (3)
Scrolls
 c - a scroll of fog
 d - a scroll of magic mapping
 e - 2 scrolls of fear
Potions
 f - a potion of haste


   Skills:
 + Level 3.7 Fighting
 + Level 2.6 Long Blades
 + Level 2.3 Dodging
 + Level 4.1 Stealth


You couldn't memorise any spells.
You didn't know any spells.
Your spell library was empty.

Dungeon Overview and Level Annotations

Branches:
Dungeon (5/15)
 Temple: D:4-7

Altars:


Innate Abilities, Weirdness & Mutations

You have a pair of horns on your head.
You reflexively headbutt those who attack you in melee.


Message History

Found an escape hatch in the ceiling.
A hobgoblin comes into view.
An endoplasm comes into view.
The hobgoblin shouts!
The endoplasm quivers.
There is an escape hatch in the ceiling here.
A mysterious force pulls you upwards. The hatch slams shut behind you.
The kobold throws a stone.
The stone hits you.
You hit the kobold.
You kill the kobold!
Things that are here:
a +0 club; 4 stones; a kobold corpse HP restored.
You open the door.
There is an open door here.
A hobgoblin comes into view.
The hobgoblin shouts!
A hobgoblin is nearby!
A rat comes into view.
An iguana comes into view.
You hit the hobgoblin but do no damage.
You headbutt the hobgoblin, but do no damage.
The hobgoblin misses you.
A kobold comes into view. It is wielding a +0 dagger.
The kobold shouts!
You hit the hobgoblin.
You kill the hobgoblin!
The rat bites you but does no damage. The rat closely misses you.
The rat barely misses you.
You hit the rat.
You kill the rat!
The iguana bites you!
Ouch! That really hurt!
You closely miss the iguana. The iguana bites you!
* * * LOW HITPOINT WARNING * * *
You closely miss the iguana.
You headbutt the iguana, but do no damage.
The iguana bites you!
Ouch! That really hurt!
You die...

### #
.#####.#####.#
.............###
#...K......
#.######### #K#
#l# #@# #.# #.#
#.# #.# #.#
##'#####
#......#
#......#


You could see an iguana and a kobold.

Vanquished Creatures
  An orc (D:4)
  A goblin (D:4)
  A hobgoblin (D:3)
  A kobold (D:3)
  A rat (D:3)
5 creatures vanquished.

Notes
Turn   | Place    | Note
-------+----------+-------------------------------------------
     0 | D:5      | bearlyready the Minotaur Delver began the quest for the
                  | Orb.
     0 | D:5      | Reached XP level 1. HP: 19/19 MP: 0/0
     6 | D:5      | Noticed a phantom
     7 | D:5      | Noticed a black bear
   303 | D:4      | Noticed an iguana
   353 | D:3      | Noticed an iguana
   365 | D:3      | Mangled by an iguana

Illustrated notes

Levels and vault maps discovered:
D:3:      layout_basic, gammafunk_ghost_mausoleum, nrook_campfire, uniq_jessica
D:4:      layout_basic, minmay_temple_entry_stoned_glass, gammafunk_ghost_grave,
          uniq_grinder, uniq_robin
D:5:      layout_basic, cheibrodos_sewer_entry_drain, nicolae_elemental_shop,
          nicolae_shop_unique_rings, kennysheep_generic_room_12

Action                   || total
-------------------------++-------
Melee: Falchion          ||    11
       Headbutt          ||     2
Armor: Leather armour    ||     1
Dodge: Dodged            ||     7

Table legend: (Time is in decaauts)
 A = Elapsed time spent in this place.
 B = Non-inter-level travel time spent in this place.
 C = Inter-level travel time spent in this place.
 D = Time resting spent in this place.
 E = Time spent auto-exploring this place.
 F = Levels seen in this place.
 G = Mean time per level.
                   A        B        C        D        E       F      G
               +--------+--------+--------+--------+--------+-----+--------+
         Total |    366 |    366 |      0 |      0 |    306 |   3 |  122.0 |
       Dungeon |    366 |    366 |      0 |      0 |    306 |   3 |  122.0 |
               +--------+--------+--------+--------+--------+-----+--------+

Top non-repeatable levels by time:
     D:4: 309 daAuts
     D:3: 47 daAuts
     D:5: 9 daAuts
